 Dungeon Crawl Stone Soup version 0.30-a0-883-g5ad918d77d (webtiles) character file.

Game seed: 9969411019255722524

77 Pimp the Cutter (level 4, 0/33 HPs)
             Began as a Demonspawn Wanderer on Mar 16, 2023.
             Slain by an orc
             ... wielding a +0 short sword
              (5 damage)
             ... on level 3 of the Dungeon.
             The game lasted 00:03:39 (1237 turns).

Pimp the Cutter (Demonspawn Wanderer)               Turns: 1237, Time: 00:03:39

Health: 0/33       AC:  3    Str: 12    XL:     4   Next: 13%
Magic:  7/7        EV: 13    Int: 10    God:
Gold:   41         SH:  0    Dex: 18    Spells: 6/7 levels left

rFire   . . .      SeeInvis .    a - +2 short sword
rCold   . . .      Faith    .    (no shield)
rNeg    . . .      Spirit   .    e - +0 leather armour
rPois   .          Reflect  .    i - +0 hat
rElec   .          Rampage  .    (no cloak)
rCorr   .                        (no gloves)
Will    .....                    (no boots)
Stlth   +                        (no amulet)
HPRegen 0.25/turn                (no ring)
MPRegen 0.20/turn                (no ring)

@: on berserk cooldown, slowed, very slow
A: repulsion field 1, magic regeneration
a: no special abilities


You were on level 3 of the Dungeon.
You visited 1 branch of the dungeon, and saw 3 of its levels.

You collected 41 gold pieces.

Inventory:

Hand Weapons
 a - a +2 short sword (weapon)
 c - a +0 dagger
Missiles
 b - 8 boomerangs (quivered)
Armour
 e - a +0 leather armour (worn)
 i - a +0 hat (worn)
Jewellery
 l - an amulet of faith
Scrolls
 d - a scroll of fog
 f - 3 scrolls of brand weapon {unknown}
 h - a scroll of amnesia {unknown}
 j - a scroll of enchant armour {unknown}
 k - a scroll of identify {unknown}


   Skills:
 + Level 1.6 Fighting
 + Level 3.0 Short Blades
 + Level 2.1 Throwing
 + Level 1.1 Armour
 + Level 1.0 Dodging
 + Level 2.3 Spellcasting
 + Level 2.5 Hexes


You had 6 spell levels left.
You knew the following spells:

 Your Spells              Type           Power      Damage    Failure   Level
a - Slow                  Hex            24%        N/A       14%         1

Your spell library contained the following spells:

 Spells                   Type           Power      Damage    Failure   Level
 Kiss of Death            Conj/Necr      4%         2d5       36%         1
 Summon Guardian Golem    Hex/Summ       3%         N/A       56%         3
 Mephitic Cloud           Conj/Pois/Air  1%         N/A       75%         3
 Spellforged Servitor     Conj/Summ      0%         N/A       100%        7
 Fire Storm               Conj/Fire      0%         6d1       100%        9


Dungeon Overview and Level Annotations

Branches:
Dungeon (3/15)

Altars:


Innate Abilities, Weirdness & Mutations

You are surrounded by a mild repulsion field. (EV +2)
You regenerate magic rapidly.


Message History

You puncture the adder!
You kill the adder!
The bat closely misses you. The jackal closely misses you.
Your Dodging skill increases to level 1!
You have reached level 4!
You feel stronger.
You puncture the jackal!
You kill the jackal!
You feel sick. The bat misses you. The bat hits you.
* * * LOW HITPOINT WARNING * * *
You puncture the bat!
You kill the bat!
You feel sick.
You are no longer poisoned.
You see here an adder corpse.
You feel a strong urge to attack something.
You are no longer berserk.
You are exhausted.
You feel yourself slow down.
You start resting.
A worm is nearby!
There is a stone staircase leading down here.
You climb downwards.
Found a stone staircase leading down.
There is a stone staircase leading up here.
An orc is nearby!
You hit the orc but do no damage. The orc hits you with a +0 short sword.
* * * LOW HITPOINT WARNING * * *
You hit the orc but do no damage. The orc hits you with a +0 short sword.
* * * LOW HITPOINT WARNING * * *
You closely miss the orc. The orc closely misses you.
You hit the orc.
The orc is moderately wounded.
The orc hits you with a +0 short sword.
* * * LOW HITPOINT WARNING * * *
The orc closely misses you.
You hit the orc.
The orc is heavily wounded.
The orc hits you with a +0 short sword.
You die...

## ##> ..
#.########
#.##o........
#....@.......
####.........
...........
#.#.........
#.#.........
# #.........
#..#####..
#... ..


You could see an orc.

Vanquished Creatures
  2 adders (D:2)
  A gnoll (D:1)
  A dart slug (D:1)
  A ball python (D:1)
  6 bats
  8 endoplasms
  3 goblins (D:1)
  2 hobgoblins
  4 jackals
  3 quokkas (D:1)
  3 frilled lizards (D:1)
  5 kobolds
  2 rats (D:1)
41 creatures vanquished.

Notes
Turn   | Place    | Note
-------+----------+-------------------------------------------
     0 | D:1      | Pimp the Demonspawn Wanderer began the quest for the Orb.
     0 | D:1      | Pimp set off with the following items: a +2 short sword, 8
                  | boomerangs, a +0 dagger, a scroll of fog, a +0 leather
                  | armour; and the following spell memorised: Slow; and the
                  | following spells available to memorise: Summon Guardian
                  | Golem.
     0 | D:1      | Reached XP level 1. HP: 15/15 MP: 3/3
    31 | D:1      | Gained mutation: You are surrounded by a mild repulsion
                  | field. (EV +2) [demonic ancestry]
    31 | D:1      | Reached XP level 2. HP: 3/21 MP: 5/5
    38 | D:1      | HP: 1/21 [dart slug/slug dart (2)]
   407 | D:1      | Gained mutation: You regenerate magic rapidly. [demonic
                  | ancestry]
   407 | D:1      | Reached XP level 3. HP: 26/26 MP: 6/6
   468 | D:1      | Got the Anthology of Kinetic Energy
   654 | D:1      | Reached skill level 3 in Short Blades
   889 | D:1      | Reached skill level 1 in Armour
  1209 | D:2      | Reached skill level 1 in Dodging
  1209 | D:2      | Reached XP level 4. HP: 6/32 MP: 7/7
  1237 | D:3      | Slain by an orc

Illustrated notes

Levels and vault maps discovered:
D:1:      minmay_arrival_up_and_down, layout_basic, minmay_crystal_water,
          st_stairs_14, chequers_jeans, ebering_dispersal_statue_hall
D:2:      layout_rooms, uniq_natasha
D:3:      layout_basic, minivault_27, kennysheep_orc_chapel

Skill      XL: |  1  2  3 |
---------------+----------+-----
Throwing       | 2 |  2.1
Short Blades   | 3 |  3.0
Armour         | 1 |  1.1
Dodging        | 1 |  1.0
Fighting       | |  1.6
Spellcasting   | |  2.3
Hexes          | |  2.5

Action                     |  1- 3 |  4- 6 || total
---------------------------+-------+-------++-------
  Melee: Short sword       |   124 |     7 ||   131
         Punch             |     2 |       ||     2
   Cast: Slow              |     5 |       ||     5
    Use: Potion            |     1 |       ||     1
   Stab: Sleeping          |     4 |       ||     4
 Armour: Leather armour    |    42 |       ||    42
  Dodge: Dodged            |   137 |     3 ||   140

Table legend: (Time is in decaauts)
 A = Elapsed time spent in this place.
 B = Non-inter-level travel time spent in this place.
 C = Inter-level travel time spent in this place.
 D = Time resting spent in this place.
 E = Time spent auto-exploring this place.
 F = Levels seen in this place.
 G = Mean time per level.
                   A        B        C        D        E       F      G
               +--------+--------+--------+--------+--------+-----+--------+
         Total |   1226 |   1207 |     19 |    309 |    516 |   3 |  408.7 |
       Dungeon |   1226 |   1207 |     19 |    309 |    516 |   3 |  408.7 |
               +--------+--------+--------+--------+--------+-----+--------+

Top non-repeatable levels by time:
     D:1: 1036 daAuts
     D:2: 183 daAuts
     D:3: 6 daAuts
